 Dungeon Crawl Stone Soup version 0.31-a0-1278-g11c5b68f87 (webtiles) character file.

Game seed: 9856303658723377883

380 gohu the Chopper (level 6, 0/56 HPs)
             Began as a Hill Orc Fighter on Dec 17, 2023.
             Succumbed to a scorpion's poison
             ... on level 5 of the Dungeon.
             The game lasted 00:05:39 (2231 turns).

gohu the Chopper (Hill Orc Fighter)                 Turns: 2231, Time: 00:05:39

Health: 0/56       AC:  7    Str: 21    XL:     6   Next: 75%
Magic:  6/6        EV: 14    Int:  8    God:
Gold:   73         SH:  4    Dex: 10    Spells: 5/5 levels left

rFire   + . .        a - +0 war axe
rCold   + . .        c - +0 buckler
rNeg    . . .        b - +0 scale mail
rPois   +            (no helmet)
rElec   +            s - scarf {repulsion}
rCorr   +            (no gloves)
SInv    .            (no boots)
Will    +....        (no amulet) Stlth
                     h - +5 ring of evasion
HPRegen 0.29/turn    w - ring of willpower
MPRegen 0.10/turn

%: repel missiles
@: lethally poisoned (0 -> -10), resistant
A: no striking features
a: no special abilities


You were on level 5 of the Dungeon.
You visited 1 branch of the dungeon, and saw 5 of its levels.

You collected 73 gold pieces.

Inventory:

Hand Weapons
 a - a +0 war axe (weapon)
Armour
 b - a +0 scale mail (worn)
 c - a +0 buckler (worn)
 s - a scarf of repulsion (worn)
Jewellery
 h - a +5 ring of evasion (left hand)
 w - a ring of willpower (right hand)
Wands
 p - a wand of iceblast (2)
 v - a wand of polymorph (2)
Scrolls
 k - a scroll of fog {unknown}
 m - a scroll of teleportation
 n - a scroll of noise {unknown}
 t - a scroll of vulnerability {unknown}
 u - a scroll of identify {unknown}
Potions
 d - 2 potions of might
 e - a potion of resistance
 i - 2 potions of ambrosia {unknown}
 l - a potion of lignification {unknown}
 o - a potion of berserk rage {unknown}
 q - a potion of heal wounds {unknown}
 r - a potion of mutation {unknown}


   Skills:
 * Level 5.2 Fighting
 * Level 7.0 Axes
 + Level 4.3 Armour
 + Level 3.8 Shields


You had 5 spell levels left.
You didn't know any spells.
Your spell library was empty.

Dungeon Overview and Level Annotations

Branches:
Dungeon (5/15)
 Temple: D:4-7

Altars:
Elyvilon
Xom

Annotations:
D:4 Grinder


Message History

You kill the orc priest!
Your Fighting skill increases to level 5!
The orc priest shouts, "Join the one true god or die!"
You slash the orc priest!
The orc priest is almost dead.
You hit the orc priest. You block the orc priest's attack.
The orc priest calls down the wrath of Beogh upon you.
Pain shoots through your body!
* * * LOW HITPOINT WARNING * * *
You slash the orc priest!
You kill the orc priest!
You hit the orc priest.
You kill the orc priest!
Your Axes skill increases to level 7!
You hit the scorpion.
The scorpion is lightly wounded.
The scorpion stings you but does no damage.
An orc wizard comes into view. It is wielding a +0 dagger.
You completely miss the scorpion.
The scorpion is lightly wounded.
The orc wizard shouts!
You block the scorpion's attack. The scorpion closely misses you.
You closely miss the scorpion.
The scorpion is lightly wounded.
The scorpion barely misses you.
You closely miss the scorpion.
The scorpion is lightly wounded.
The scorpion misses you.
The orc wizard points at you and mumbles some strange words.
You resist with almost no effort. The scorpion stings you.
* * * LOW HITPOINT WARNING * * *
You hit the scorpion but do no damage.
The scorpion is lightly wounded.
The scorpion stings you.
* * * LOW HITPOINT WARNING * * *
You are lethally poisoned!
The scorpion poisons you!
It was a potion of resistance.
You feel protected.
You die...

,,,,,,,,,,,,* *,,,,,,,,#.........
,,,,,,,,,**** *,..,,,,,#.........
,,,,,,,,,* ***.##*###.........
********** *..# #........... *#.#
#.....###### ****** #.#
#.....###### *,,,,*
#.###.....######
*,,,,****#########...#.....######
,,,,,,,,,......s@).o.......######
*,,,,****#############.....######
*,,,,*,,,,,,,,* #.....######
*,,,,*,*,,,,*,* #.....#
******,*,**,*,****** #..!..#
******,*,,*,*,*,,,,* #.....#
,,,,,,,,,,*,*,*,,,,**#o.o..#***
,,,,,,,,,,*,*,*,,,,*,,......,,*
,,,,,,,,,,,,*,*,,,,*,,,,,,,,,,*


You could see a scorpion and an orc wizard.

Vanquished Creatures
  A gnoll bouda (D:3)
  4 orc priests
  An iguana (D:4)
  Natasha (thrice) (D:2)
  3 gnolls
  3 adders
  A worm (D:4)
  3 dart slugs
  8 orcs
  5 ball pythons
  5 endoplasms
  2 giant cockroaches (D:1)
  A hobgoblin (D:2)
  8 kobolds
  A quokka (D:2)
  2 bats
  6 frilled lizards
  8 goblins
  9 rats
74 creatures vanquished.

Vanquished Creatures (others)
  A bat (D:1)
1 creature vanquished.

Grand Total: 75 creatures vanquished

Notes
Turn   | Place    | Note
-------+----------+-------------------------------------------
     0 | D:1      | gohu the Hill Orc Fighter began the quest for the Orb.
     0 | D:1      | Reached XP level 1. HP: 19/19 MP: 1/1
    67 | D:1      | Reached XP level 2. HP: 23/27 MP: 2/2
   130 | D:1      | Reached skill level 3 in Axes
   337 | D:1      | Reached XP level 3. HP: 33/33 MP: 3/3
   349 | D:2      | Found a shimmering altar of Xom.
   444 | D:2      | Noticed Natasha
   454 | D:2      | Killed Natasha
   455 | D:2      | Reached skill level 4 in Axes
   611 | D:2      | Reached XP level 4. HP: 40/40 MP: 4/4
   696 | D:2      | Noticed Natasha
   711 | D:2      | Killed Natasha
   885 | D:2      | Noticed Natasha
   894 | D:2      | Killed Natasha
   895 | D:2      | Reached skill level 5 in Axes
   895 | D:2      | Reached XP level 5. HP: 32/47 MP: 5/5
  1324 | D:4      | Noticed Grinder
  1345 | D:3      | Reached skill level 6 in Axes
  1553 | D:3      | Found a white marble altar of Elyvilon.
  1811 | D:3      | Reached XP level 6. HP: 43/53 MP: 6/6
  2185 | D:5      | Entered Level 5 of the Dungeon
  2185 | D:5      | Noticed an ice beast
  2193 | D:5      | Identified a scroll of acquirement
  2193 | D:5      | Acquired the +6 chain mail "Saipaeg" {Str+3}
  2224 | D:5      | Reached skill level 5 in Fighting
  2226 | D:5      | Reached skill level 7 in Axes
  2230 | D:5      | HP: 2/56 [scorpion (5)]
  2231 | D:5      | Succumbed to a scorpion's poison

Illustrated notes

Levels and vault maps discovered:
D:1:      lightli_arrival_noodles, layout_basic
D:2:      layout_rooms, basic_altar, minmay_misc_feat_alley, uniq_natasha
D:3:      layout_rooms, nicolae_overflow_crystal_walls
D:4:      layout_loops_cross, grunt_temple_overflow_forces_of_nature,
          corexii_corridor_pit, st_stairs_4, minmay_misc_feat_nine_boxes,
          uniq_grinder
D:5:      layout_basic, nicolae_ossuary_entry_ruins, minivault_25

Skill      XL: |  1  2  3  4  5  6 |
---------------+-------------------+-----
Fighting       | 4 5 |  5.2
Axes           | 3 4 5 6 7 |  7.0
Armour         | 4 |  4.3
Shields        | |  3.8

Action                     |  1- 3 |  4- 6 || total
---------------------------+-------+-------++-------
  Melee: War axe           |    66 |   141 ||   207
  Evoke: Wand              |       |     1 ||     1
    Use: Potion            |       |     2 ||     2
         Scroll            |       |     4 ||     4
 Armour: Scale mail        |    34 |    58 ||    92
  Dodge: Dodged            |    42 |    69 ||   111
  Block: Buckler           |    22 |    26 ||    48

Table legend: (Time is in decaauts)
 A = Elapsed time spent in this place.
 B = Non-inter-level travel time spent in this place.
 C = Inter-level travel time spent in this place.
 D = Time resting spent in this place.
 E = Time spent auto-exploring this place.
 F = Levels seen in this place.
 G = Mean time per level.
                   A        B        C        D        E       F      G
               +--------+--------+--------+--------+--------+-----+--------+
         Total |   2291 |   2169 |    122 |      0 |   1558 |   5 |  458.2 |
       Dungeon |   2291 |   2169 |    122 |      0 |   1558 |   5 |  458.2 |
               +--------+--------+--------+--------+--------+-----+--------+

Top non-repeatable levels by time:
     D:3: 873 daAuts
     D:1: 602 daAuts
     D:2: 594 daAuts
     D:4: 171 daAuts
     D:5: 48 daAuts
